 Dungeon Crawl Stone Soup version 0.18.1-48-g4cf74bf (webtiles) character file.

2214 jennos the Spear-Bearer (level 9, 0/68 HPs)
             Began as a Merfolk Gladiator on July 6, 2016.
             Was an Initiate of Makhleb.
             Slain by an unseen horror (5 damage)
             ... on level 7 of the Dungeon.
             The game lasted 00:21:31 (7698 turns).

jennos the Spear-Bearer (Merfolk Gladiator)         Turns: 7698, Time: 00:21:33

Health: 0/68       AC:  9    Str: 16    XL:     9   Next: 35%
Magic:  9/9        EV: 16    Int:  7    God:    Makhleb [......]
Gold:   227        SH:  0    Dex: 17    Spells: 0 memorised, 8 levels left

rFire  . . .     SeeInvis .     g - +0 trident (flame)
rCold  . . .     Gourm    .     l - +0 ring mail
rNeg   . . .     Faith    .     (no shield)
rPois  .         Spirit   .     c - +0 helmet
rElec  .         Dismiss  .     (no cloak)
rCorr  .         Reflect  .     F - +2 pair of gloves
SustAt .         Harm     .     (no boots)
MR     .....                    (no amulet)
Stlth  ++........               (no ring)
                                B - ring of stealth

@: not resistant to hostile enchantments, unstealthy
A: change form in water, swift swim
a: Renounce Religion


You were on level 7 of the Dungeon.
You worshipped Makhleb.
Makhleb was noncommittal.
You were not hungry.

You visited 2 branches of the dungeon, and saw 8 of its levels.
You also visited: Sewer.

You collected 425 gold pieces.
You spent 198 gold pieces at shops.

Inventory:

Hand Weapons
 a - a +0 scythe
 g - a +0 trident of flaming (weapon)
 K - the +5 long sword of Ru's Outrage {slice, +Blink MR+ Dex+2 SInv, unknown}
   (You found it on level 7 of the Dungeon)

   It inflicts extra damage upon your enemies.
   It affects your dexterity (+2).
   It affects your resistance to hostile enchantments.
   It lets you see invisible.
   It lets you blink.
Missiles
 d - 4 throwing nets (quivered)
Armour
 b - a +0 leather armour
 c - a +0 helmet (worn)
 l - a +0 ring mail (worn)
 o - a cursed +0 cloak
 F - a +2 pair of gloves (worn)
Jewellery
 k - an uncursed amulet of regeneration
 r - an uncursed amulet of faith
 y - an uncursed amulet of dismissal
 z - a cursed ring of teleportation
 B - a ring of stealth (left hand)
Scrolls
 e - 2 scrolls of recharging
 p - 2 scrolls of fear
 q - 2 scrolls of teleportation
 s - 2 scrolls of remove curse
 x - a scroll of magic mapping
 G - a scroll of immolation {unknown}
 I - a scroll of enchant weapon {unknown}
 J - a scroll of fog
Potions
 h - 2 potions of curing
 i - 2 potions of brilliance
 j - 2 potions of might
 n - a potion of flight {unknown}
 u - a potion of magic {unknown}
 v - 3 potions of heal wounds {unknown}
 A - a potion of agility {unknown}
 M - a potion of resistance {unknown}
Books
 w - a book of Enchantments

   Spells                             Type                      Level
   a - Cause Fear                     Hexes                        4
   b - Yara's Violent Unravelling     Hexes/Transmutation          5
   c - Silence                        Hexes/Air                    5
   d - Deflect Missiles               Charms/Air                   6
   e - Haste                          Charms                       6
   f - Discord                        Hexes                        8
 C - a book of Geomancy

   Spells                             Type                      Level
   a - Sandblast                      Earth                        1
   b - Passwall                       Transmutation/Earth          2
   c - Stone Arrow                    Conjuration/Earth            3
   d - Petrify                        Transmutation/Earth          4
   e - Lee's Rapid Deconstruction     Earth                        5
 D - a book of Frost

   Spells                             Type                      Level
   a - Freeze                         Ice                          1
   b - Throw Frost                    Conjuration/Ice              2
   c - Ozocubu's Armour               Charms/Ice                   3
   d - Throw Icicle                   Conjuration/Ice              4
   e - Summon Ice Beast               Ice/Summoning                4
Comestibles
 f - 7 bread rations
 m - 5 beef jerkies
 H - a meat ration


   Skills:
 + Level 5.0 Fighting
 - Level 14.0 Polearms
 - Level 2.0 Throwing
 - Level 0.1 Armour
 * Level 8.4 Dodging


You had 8 spell levels left.
You didn't know any spells.

Dungeon Overview and Level Annotations

Branches:
Dungeon (7/15)             Temple (1/1) D:4

Altars:
Ashenzari
Cheibriados
Elyvilon
Fedhas
Makhleb
Nemelex Xobeh
Okawaru
Pakellas
Qazlal
Ru
Sif Muna
Trog
Vehumet
Xom
Yredelemnul
Zin
The Shining One

Shops:
D:6 [:%


Message History

Read which item? (? for menu, Esc to quit)
Identify which item? (\ to view known items) (? for menu, Esc to quit)
As you read the scroll of identify, it crumbles to dust.
j - 2 potions of might Something hits you.
* * * LOW HITPOINT WARNING * * *
Drink which item? (? for menu, Esc to quit)
It was a potion of haste.
You feel yourself speed up. Something hits you!
* * * LOW HITPOINT WARNING * * *
Something hits you.
* * * LOW HITPOINT WARNING * * *
You are very lightly contaminated with residual magic.
Drink which item? (? for menu, Esc to quit)
It was a potion of cancellation.
Your magical effects are unravelling.
Your magical contamination has completely faded away.
You feel magically purged.
You feel yourself slow down. Something hits you.
You die...

..#######.....#######....#
# . ##...##.....# #....# #
#.....#.....# #....# #
#...†.'..8..+ #....# #
#.....#.....# #....# #
##...##.....# #....# #
########'### # ##...## #
#..@..# # #.....# #..$..#
##$[$## ##### ## #. #. #.
#.


There were no monsters in sight!

Vanquished Creatures
  Sigmund (D:5)
  5 yaks (D:7)
  A hungry ghost (D:7)
  Menkaure (D:4)
  Purgy (Sewer)
  An ice beast (D:6)
  An ogre (D:4)
  The ghost of poirepourri the Magician, an amateur DEFE (D:3)
  A howler monkey (D:6)
  2 crimson imps (D:6)
  3 quasits
  3 giant frog zombies
  2 orc priests (D:5)
  2 hounds (D:5)
  An orc wizard (D:6)
  4 worker ants
  2 hound zombies
  8 adders
  A shadow imp (D:5)
  2 oozes
  An adder zombie (D:6)
  4 adder skeletons
  2 worms
  3 dart slugs (D:2)
  4 giant geckos
  6 orcs
  5 ball pythons
  4 bats
  3 giant cockroaches
  2 goblins
  5 hobgoblins
  6 jackals
  2 quokkas
  A giant gecko zombie (D:6)
  4 giant newts
  14 kobolds
  A quokka skeleton (D:6)
  7 rats
117 creatures vanquished.

Notes
Turn   | Place    | Note
--------------------------------------------------------------
     0 | D:1      | jennos the Merfolk Gladiator began the quest for the Orb.
     0 | D:1      | Reached XP level 1. HP: 16/16 MP: 1/1
   122 | D:1      | Found a sparkling altar of Nemelex Xobeh.
   351 | D:1      | Reached XP level 2. HP: 22/22 MP: 2/2
   556 | D:1      | Reached skill level 5 in Polearms
  1142 | D:2      | Reached XP level 3. HP: 23/27 MP: 3/3
  1392 | D:2      | Found a faded altar to an unknown god.
  1405 | D:2      | Reached skill level 6 in Polearms
  1837 | D:2      | Reached XP level 4. HP: 33/33 MP: 4/4
  2150 | D:2      | Reached skill level 7 in Polearms
  2402 | D:3      | Reached XP level 5. HP: 33/38 MP: 5/5
  2606 | D:3      | Reached skill level 8 in Polearms
  2842 | D:3      | Noticed poirepourri's ghost (amateur DEFE)
  2855 | D:3      | Killed poirepourri's ghost
  2855 | D:3      | Reached skill level 9 in Polearms
  2855 | D:3      | Reached XP level 6. HP: 8/44 MP: 6/6
  2979 | D:3      | Found a glowing drain.
  2987 | Sewer    | Entered a sewer
  3278 | Sewer    | Noticed Purgy
  3333 | Sewer    | Killed Purgy
  3771 | D:3      | Reached skill level 10 in Polearms
  4070 | D:3      | Found an iron altar of Okawaru.
  4071 | D:3      | Found a sacrificial altar of Ru.
  4828 | D:4      | Reached XP level 7. HP: 50/50 MP: 7/7
  4855 | D:4      | Found a staircase to the Ecumenical Temple.
  4864 | Temple   | Entered the Ecumenical Temple
  5123 | D:4      | Noticed Menkaure
  5133 | D:4      | Killed Menkaure
  5133 | D:4      | Reached skill level 11 in Polearms
  5501 | D:3      | Found a blossoming altar of Fedhas.
  5501 | D:3      | Found a stormy altar of Qazlal.
  5505 | D:3      | Found a bloodstained altar of Trog.
  5574 | D:5      | Entered Level 5 of the Dungeon
  6102 | D:5      | Reached skill level 12 in Polearms
  6143 | D:5      | Noticed Sigmund
  6157 | D:5      | Killed Sigmund
  6157 | D:5      | Reached XP level 8. HP: 30/56 MP: 8/8
  6577 | D:5      | Found a deep blue altar of Sif Muna.
  6689 | D:6      | Reached skill level 13 in Polearms
  6973 | D:6      | Found Oboatisch's Book Emporium.
  6976 | D:6      | Found Yram Veate's Food Boutique.
  7008 | D:6      | Reached skill level 14 in Polearms
  7021 | D:6      | Bought a bread ration for 60 gold pieces
  7021 | D:6      | Bought a bread ration for 60 gold pieces
  7021 | D:6      | Bought a beef jerky for 18 gold pieces
  7021 | D:6      | Bought a bread ration for 60 gold pieces
  7099 | D:6      | Found a burning altar of Makhleb.
  7100 | D:6      | Found a shimmering altar of Xom.
  7105 | D:6      | Became a worshipper of Makhleb the Destroyer
  7167 | D:6      | Found Retz's Armour Shoppe.
  7202 | D:6      | Found a shattered altar of Ashenzari.
  7202 | D:6      | Found a glowing silver altar of Zin.
  7321 | D:7      | Got a translucent long sword
  7378 | D:7      | Noticed a yak
  7384 | D:7      | Noticed a yak
  7384 | D:7      | Noticed a yak
  7384 | D:7      | Noticed a yak
  7385 | D:7      | Noticed a yak
  7385 | D:7      | Reached skill level 5 in Dodging
  7419 | D:7      | Killed a yak
  7429 | D:7      | Killed a yak
  7429 | D:7      | Reached XP level 9. HP: 49/65 MP: 9/9
  7672 | D:7      | Reached skill level 5 in Fighting
  7698 | D:7      | Slain by an unseen horror

Skill      XL: |  1  2  3  4  5  6  7  8  9 |
---------------+----------------------------+-----
Polearms       | 5 6 7 9 10 12 14 | 14.0
Fighting       | 4 5 |  5.0
Dodging        | 6 8 |  8.4
Throwing       | |  2.0
Armour         | |  0.1

Action                   |  1- 3 |  4- 6 |  7- 9 || total
-------------------------+-------+-------+-------++-------
Melee: Trident           |    94 |   205 |   266 ||   565
       Tailslap          |       |     4 |       ||     4
  Use: Potion            |     2 |     2 |     3 ||     7
       Scroll            |       |     9 |     7 ||    16
 Stab: Invisible         |       |       |     1 ||     1
       Sleeping          |       |       |     6 ||     6
  Eat: Chunk             |     2 |     8 |     8 ||    18
       Fruit             |     2 |     1 |     1 ||     4
       Pizza             |       |       |     1 ||     1
Armor: Leather armour    |     4 |       |       ||     4
       Ring mail         |     8 |    50 |    51 ||   109
       Skin              |     6 |       |       ||     6
Dodge: Dodged            |    40 |   116 |   117 ||   273
